Mulligans vs Knights
Created - February 15, 2018 at 19:06
Goals
|
Mulligans |
3 |
5 |
1 |
9 |
Knights |
0 |
1 |
1 |
2 |
|
Shots
|
Mulligans |
18 |
19 |
11 |
48 |
Knights |
13 |
7 |
13 |
33 |
|
1st period
1. Mulligans , Nick Bonino 21 (Eric Tangradi 46) at 0:06
2. Mulligans , Jonathan Tremblay 22 (Thomas Hickey 23, Nick Bonino 32) at 0:57
3. Mulligans , Eric Tangradi 33 (Nick Bonino 33, Matt Niskanen 24) at 5:04 (PP)
Penalties :
Scott Wilson (Lon) for Holding (Minor) at 3:44
2nd period
4. Mulligans , Logan Shaw 18 (Maxime Macenauer 30, Cody Goloubef 17) at 3:27
5. Knights , Noel Acciari 15 (Jared Spurgeon 17, Kevin Hayes 13) at 8:03
6. Mulligans , Eric Tangradi 34 (Jonathan Tremblay 22, Nick Bonino 34) at 15:10
7. Mulligans , Eric Tangradi 35 (Nick Bonino 35) at 15:22
8. Mulligans , Anton Lander 16 (Drayson Bowman 18, Matt Donovan 31) at 18:22
9. Mulligans , Anton Lander 17 (Matt Donovan 32, Cody Goloubef 18) at 19:33 (PP)
Penalties :
Jacob Trouba (Lon) for Roughing (Minor) at 0:40, Tom Wilson (Lon) for Fighting (Major) at 5:13, Jonathan Tremblay (Rep) for Fighting (Major) at 5:13, Kevin Hayes (Lon) for Hooking (Minor) at 18:56
3rd period
10. Knights , Jimmy Hayes 31 (Michael Raffl 37, Cody Bass 18) at 15:09
11. Mulligans , Nick Bonino 22 (Matt Donovan 33, Eric Tangradi 47) at 17:45
Penalties :
Sven Baertschi (Rep) for Holding (Minor) at 4:53, Logan Shaw (Rep) for High sticking (Minor) at 11:06, Jonathan Tremblay (Rep) for Roughing (Minor) at 18:07
Goalie Stats
Anders Lindback (Rep), 31 saves from 33 shots - (0.939), W, 22-16-2, 60:00 minutes
Ben Scrivens (Lon), 16 saves from 19 shots - (0.842), 24:38 minutes
Magnus Hellberg (Lon), 23 saves from 29 shots - (0.793), L, 5-5-1, 35:22 minutes
Players Stats for Mulligans
Player Name G A P +/- PIM S H SB GA TA FO MP PP MP PK MP
------------------------------------------------------------------------------------
Anton Lander 2 0 2 0 0 8 1 0 0 0 9/14 17:27 1:35 2:01
Ben Hutton 0 0 0 1 0 0 1 0 0 0 0/0 9:54 0:00 0:00
Benn Ferriero 0 0 0 0 0 2 1 0 1 0 3/3 15:10 1:35 0:00
Cade Fairchild 0 0 0 1 0 0 1 0 0 0 0/0 9:54 0:00 0:00
Christoph Bertschy 0 0 0 0 0 1 0 0 1 0 2/3 6:23 0:00 0:00
Cody Goloubef 0 2 2 3 0 0 1 0 1 0 0/0 19:52 1:39 2:53
Dalton Thrower 0 0 0 0 0 0 0 0 0 0 0/0 3:56 0:00 0:00
Darren Dietz 0 0 0 0 0 0 0 0 0 0 0/0 3:56 0:00 0:00
Derek Dorsett 0 0 0 0 0 0 0 0 1 0 0/0 7:53 0:00 1:30
Drayson Bowman 0 1 1 0 0 2 0 0 3 0 0/2 15:10 1:35 0:00
Eric Tangradi 3 2 5 5 0 8 1 1 2 0 0/0 22:29 2:15 1:21
Jonathan Tremblay 1 1 2 5 7 3 1 0 1 1 1/1 21:14 2:15 1:57
Joonas Donskoi 0 0 0 0 0 0 0 0 0 0 1/1 1:53 0:12 0:00
Logan Shaw 1 0 1 0 2 4 1 0 2 1 0/0 11:20 0:00 0:00
Matt Donovan 0 3 3 3 0 0 0 0 2 0 0/0 19:52 1:39 2:53
Matt Niskanen 0 1 1 1 0 3 3 1 0 2 0/0 26:18 2:17 2:57
Maxime Macenauer 0 1 1 0 0 4 1 0 0 0 6/13 14:23 0:06 2:54
Nick Bonino 2 4 6 5 0 8 3 2 0 0 28/42 20:52 2:15 0:00
Reid Boucher 0 0 0 0 0 0 0 0 0 0 0/0 7:11 0:00 0:48
Sven Baertschi 0 0 0 0 2 1 1 1 0 0 0/1 12:41 0:00 1:09
Thomas Hickey 0 1 1 1 0 4 0 4 0 1 0/0 26:18 2:17 2:57
Players Stats for Knights
Player Name G A P +/- PIM S H SB GA TA FO MP PP MP PK MP
------------------------------------------------------------------------------------
Alan Quine 0 0 0 0 0 2 0 0 0 0 2/8 8:00 0:00 0:00
Brendan Gaunce 0 0 0 -2 0 2 0 1 0 1 5/13 14:09 2:19 0:00
Cody Bass 0 1 1 -1 0 2 0 1 0 2 8/24 19:04 3:13 0:00
Collin Miller 0 0 0 0 0 1 0 0 0 0 0/0 15:00 1:42 1:06
Jaccob Slavin 0 0 0 0 0 4 2 3 0 2 0/0 18:55 3:33 1:14
Jacob Trouba 0 0 0 -5 2 1 2 3 0 0 0/0 27:59 2:24 1:36
Jared Spurgeon 0 1 1 -5 0 0 2 0 0 3 0/0 28:53 3:26 2:42
Jimmy Hayes 1 0 1 -1 0 3 5 0 0 0 1/3 20:12 2:39 0:42
Jordan Martinook 0 0 0 -2 0 1 1 0 0 0 0/1 11:50 0:00 0:00
Kevin Hayes 0 1 1 -2 2 1 3 0 0 0 1/4 18:41 2:15 1:55
Linden Vey 0 0 0 -2 0 2 1 1 1 0 0/0 13:00 0:56 0:00
Matt Puempel 0 0 0 0 0 2 3 0 0 0 0/0 9:25 0:44 0:40
Michael Matheson 0 0 0 0 0 1 0 0 0 1 0/0 13:22 0:00 1:14
Michael Raffl 0 1 1 -1 0 2 1 0 2 0 0/1 21:46 3:20 2:34
Noel Acciari 1 0 1 -2 0 6 0 0 1 1 13/26 16:36 0:18 1:46
Scott Wilson 0 0 0 -2 2 0 0 0 1 0 0/0 16:16 1:46 0:00
Stefan Matteau 0 0 0 0 0 0 0 0 0 0 0/0 0:15 0:00 0:15
Tom Wilson 0 0 0 0 5 1 0 0 0 0 0/0 6:46 0:00 0:00
Zach Trotman 0 0 0 0 0 2 0 1 0 4 0/0 15:51 0:35 0:00
3 Stars
1 - Nick Bonino (Rep)
2 - Eric Tangradi (Rep)
3 - Matt Donovan (Rep)
Power Play
Mulligans - 2 on 3 Attempt(s) - 66.67%
Knights - 0 on 3 Attempt(s) - 0.00%
Penalty Kill
Mulligans - 3 on 3 Attempt(s) - 100.00%
- Score 0 goal in Penalty Kill
Knights - 1 on 3 Attempt(s) - 33.33%
- Score 0 goal in Penalty Kill
Team Stat
Mulligans - Hits : 16 - Faceoff Wins : 50 - Blocked Shots : 9 - Penalty Minutes : 11
Knights - Hits : 20 - Faceoff Wins : 30 - Blocked Shots : 10 - Penalty Minutes : 11
Official
Referees : Kozari Steve and VanMassenhoven Don
Linesman : Tony Sericolo and Scott Cherrey
Game Notes
Tom Wilson and Jonathan Tremblay fight to a draw at 5:13 of 2nd period
Eric Tangradi has scored a Hat Trick!
Ben Scrivens enters game at 15:22 of 2nd period
Finance
Level 1 -- Attendance: 1320 (66.00%) -- Ticket Income $39,600
Level 2 -- Attendance: 713 (71.30%) -- Ticket Income $10,695
Total Attendance: 2033 (67.77%)
Total Ticket Income: $50,295
Other Income: $2,515
Total Income: $52,810
Mulligans
5 vs 5 Forward
Center Left Wing Right Wing Time % Phy DF OF
1 Nick Bonino Eric Tangradi Jonathan Tremblay 40 0 2 3
2 Anton Lander Drayson Bowman Benn Ferriero 30 0 2 3
3 Maxime Macenauer Sven Baertschi Logan Shaw 20 0 2 3
4 Christoph Bertschy Reid Boucher Derek Dorsett 10 1 2 2
5 vs 5 Defense
Defense Defense Time % Phy DF OF
1 Thomas Hickey Matt Niskanen 40 0 3 2
2 Matt Donovan Cody Goloubef 30 0 3 2
3 Cade Fairchild Ben Hutton 20 0 3 2
4 Darren Dietz Dalton Thrower 10 0 3 2
PowerPlay Forward
Center Left Wing Right Wing Time % Phy DF OF
1 Nick Bonino Eric Tangradi Jonathan Tremblay 60 0 1 4
2 Anton Lander Drayson Bowman Benn Ferriero 40 0 1 4
PowerPlay Defense
Defense Defense Time % Phy DF OF
1 Thomas Hickey Matt Niskanen 60 0 2 3
2 Matt Donovan Cody Goloubef 40 0 2 3
Penalty Kill 4 Players Forward
Center Wing Time % Phy DF OF
1 Maxime Macenauer Jonathan Tremblay 60 1 3 1
2 Anton Lander Eric Tangradi 40 1 3 1
Penalty Kill 4 Players Defense
Defense Defense Time % Phy DF OF
1 Thomas Hickey Matt Niskanen 60 1 4 0
2 Matt Donovan Cody Goloubef 40 1 4 0
Penalty Kill - 3 Players Forward
Forward Time % Phy DF OF
1 Nick Bonino 60 1 2 2
2 Jonathan Tremblay 40 1 2 2
Penalty Kill - 3 Players Defense
Defense Defense Time % Phy DF OF
1 Thomas Hickey Matt Niskanen 60 1 2 2
2 Matt Donovan Cody Goloubef 40 1 2 2
4 vs 4 Forward
Center Wing Time % Phy DF OF
1 Nick Bonino Jonathan Tremblay 60 1 2 2
2 Eric Tangradi Anton Lander 40 1 2 2
4 vs 4 Defense
Defense Defense Time % Phy DF OF
1 Thomas Hickey Matt Niskanen 60 1 2 2
2 Matt Donovan Cody Goloubef 40 1 2 2
Last Minutes Offensive
Center Left Wing Right Wing Defense Defense
Nick Bonino Eric Tangradi Jonathan Tremblay Thomas Hickey Matt Niskanen
Last Minutes Defensive
Center Left Wing Right Wing Defense Defense
Nick Bonino Eric Tangradi Jonathan Tremblay Thomas Hickey Matt Niskanen
Goaltenders
Starting : Anders Lindback
Backup : Calvin Pickard
Extra Forwards
Normal : Joonas Donskoi, Maxime Macenauer, Derek Dorsett - PP : Joonas Donskoi, Maxime Macenauer - PK : Derek Dorsett
Extra Defensemen
Normal : Cade Fairchild, Ben Hutton, Darren Dietz - PP : Cade Fairchild - PK : Ben Hutton, Darren Dietz
Penalty Shots
Nick Bonino, Jonathan Tremblay, Eric Tangradi, Anton Lander, Maxime Macenauer
Scratches
Nick Shore (Healthy), Mario Lucia (Healthy), Adam Lowry (Healthy), Matt Beleskey (Abdominal Strain Injury), Marek Langhamer (Healthy)
Knights
5 vs 5 Forward
Center Left Wing Right Wing Time % Phy DF OF
1 Cody Bass Michael Raffl Jimmy Hayes 35 1 2 2
2 Noel Acciari Scott Wilson Kevin Hayes 30 1 2 2
3 Brendan Gaunce Jordan Martinook Linden Vey 25 1 2 2
4 Alan Quine Matt Puempel Tom Wilson 10 1 2 2
5 vs 5 Defense
Defense Defense Time % Phy DF OF
1 Jared Spurgeon Jacob Trouba 40 1 2 2
2 Zach Trotman Jaccob Slavin 30 1 2 2
3 Michael Matheson Collin Miller 20 1 2 2
4 Jared Spurgeon Jacob Trouba 10 1 2 2
PowerPlay Forward
Center Left Wing Right Wing Time % Phy DF OF
1 Cody Bass Michael Raffl Kevin Hayes 60 1 0 4
2 Brendan Gaunce Scott Wilson Jimmy Hayes 40 1 0 4
PowerPlay Defense
Defense Defense Time % Phy DF OF
1 Jaccob Slavin Jared Spurgeon 60 1 2 2
2 Collin Miller Jacob Trouba 40 1 2 2
Penalty Kill 4 Players Forward
Center Wing Time % Phy DF OF
1 Kevin Hayes Michael Raffl 60 1 3 1
2 Noel Acciari Jimmy Hayes 40 1 3 1
Penalty Kill 4 Players Defense
Defense Defense Time % Phy DF OF
1 Jared Spurgeon Jacob Trouba 60 1 4 0
2 Jaccob Slavin Michael Matheson 40 1 4 0
Penalty Kill - 3 Players Forward
Forward Time % Phy DF OF
1 Jimmy Hayes 60 0 4 1
2 Kevin Hayes 40 0 4 1
Penalty Kill - 3 Players Defense
Defense Defense Time % Phy DF OF
1 Jared Spurgeon Jacob Trouba 60 1 4 0
2 Jaccob Slavin Michael Matheson 40 1 4 0
4 vs 4 Forward
Center Wing Time % Phy DF OF
1 Michael Raffl Jimmy Hayes 60 1 2 2
2 Noel Acciari Kevin Hayes 40 1 2 2
4 vs 4 Defense
Defense Defense Time % Phy DF OF
1 Jaccob Slavin Jared Spurgeon 60 1 2 2
2 Michael Matheson Jacob Trouba 40 1 2 2
Last Minutes Offensive
Center Left Wing Right Wing Defense Defense
Cody Bass Michael Raffl Jimmy Hayes Jared Spurgeon Jacob Trouba
Last Minutes Defensive
Center Left Wing Right Wing Defense Defense
Cody Bass Michael Raffl Jimmy Hayes Jared Spurgeon Jacob Trouba
Goaltenders
Starting : Magnus Hellberg
Backup : Ben Scrivens
Extra Forwards
Normal : Jimmy Hayes, Michael Raffl, Kevin Hayes - PP : Michael Raffl, Jimmy Hayes - PK : Michael Raffl
Extra Defensemen
Normal : Jaccob Slavin, Jacob Trouba, Jared Spurgeon - PP : Jacob Trouba - PK : Jacob Trouba, Jared Spurgeon
Penalty Shots
Jimmy Hayes, Cody Bass, Kevin Hayes, Michael Raffl, Noel Acciari
Scratches
Jordan Weal (Healthy), David Shields (Healthy), Matthew Benning (Healthy), Matt Grzelcyk (Healthy), Brett Connolly (Healthy)
Travis Boyd (Healthy), Scott Jackson (Healthy), Nikita Nikitin (Healthy), A.J. Jenks (Healthy), Connor Knapp (Healthy)
% Time on Ice - Mulligans
Lines # - Real PCT - Wanted PCT - Time Play
Normal Forward
1 - 37% - 40% - 18:43
2 - 28% - 30% - 13:51
3 - 22% - 20% - 11:17
4 - 13% - 10% - 6:23
Normal Defense
1 - 42% - 40% - 21:04
2 - 31% - 30% - 15:20
3 - 20% - 20% - 9:54
4 - 8% - 10% - 3:56
PP Forward
1 - 60% - 60% - 2:21
2 - 40% - 40% - 1:35
PP Defense
1 - 58% - 60% - 2:17
2 - 42% - 40% - 1:39
PK Forward
1 - 77% - 60% - 4:29
2 - 23% - 40% - 1:21
PK Defense
1 - 51% - 60% - 2:57
2 - 49% - 40% - 2:53
PK3 Forward
1 - 0% - 60%
2 - 0% - 40%
PK3 Defense
1 - 0% - 60%
2 - 0% - 40%
44 Forward
1 - 0% - 60%
2 - 0% - 40%
44 Defense
1 - 0% - 60%
2 - 0% - 40%
Last Minute Offensive - 0:00
Last Minute Defensive - 0:00
Total
Forward - 60:00
Defense - 60:00
|
% Time on Ice - Knights
Lines # - Real PCT - Wanted PCT - Time Play
Normal Forward
1 - 32% - 35% - 15:53
2 - 29% - 30% - 14:31
3 - 24% - 25% - 11:50
4 - 16% - 10% - 8:00
Normal Defense
1 - 40% - 40% - 20:15
2 - 30% - 30% - 15:13
3 - 23% - 20% - 11:42
4 - 6% - 10% - 3:04
PP Forward
1 - 60% - 60% - 3:31
2 - 40% - 40% - 2:19
PP Defense
1 - 59% - 60% - 3:26
2 - 41% - 40% - 2:24
PK Forward
1 - 82% - 60% - 3:14
2 - 18% - 40% - 0:42
PK Defense
1 - 78% - 60% - 3:03
2 - 22% - 40% - 0:53
PK3 Forward
1 - 0% - 60%
2 - 0% - 40%
PK3 Defense
1 - 0% - 60%
2 - 0% - 40%
44 Forward
1 - 0% - 60%
2 - 0% - 40%
44 Defense
1 - 0% - 60%
2 - 0% - 40%
Last Minute Offensive - 0:00
Last Minute Defensive - 0:00
Total
Forward - 60:00
Defense - 60:00
|
Play by Play
1st period
0:01 of 1st period - Nick Bonino wins face-off versus Cody Bass in neutral zone.
0:06 of 1st period - Snap shot by Nick Bonino.
0:06 of 1st period - Goal by Nick Bonino - Mulligans : 1 - Knights : 0.
0:07 of 1st period - Benn Ferriero wins face-off versus Noel Acciari in neutral zone.
0:15 of 1st period - Wrist shot by Drayson Bowman.
0:15 of 1st period - Deflect By Anton Lander.
0:15 of 1st period - Stopped by Magnus Hellberg with a rebound.
0:17 of 1st period - Slapshot by Anton Lander.
0:17 of 1st period - Stopped by Magnus Hellberg with a rebound.
0:41 of 1st period - Slapshot by Matt Donovan.
0:41 of 1st period - Deflect By Logan Shaw.
0:41 of 1st period - Shot Blocked by Jaccob Slavin.
0:41 of 1st period - Puck is out of play.
0:42 of 1st period - Cody Bass wins face-off versus Nick Bonino in Knights zone.
0:51 of 1st period - Snap shot by Nick Bonino.
0:51 of 1st period - Shot Blocked by Cody Bass.
0:53 of 1st period - Wrist shot by Nick Bonino.
0:53 of 1st period - Shot Hit the Post.
0:55 of 1st period - Slapshot by Thomas Hickey.
0:55 of 1st period - Stopped by Magnus Hellberg with a rebound.
0:57 of 1st period - Wrist shot by Jonathan Tremblay.
0:57 of 1st period - Goal by Jonathan Tremblay - Mulligans : 2 - Knights : 0.
0:58 of 1st period - Christoph Bertschy wins face-off versus Alan Quine in neutral zone.
1:20 of 1st period - Icing by Collin Miller.
1:21 of 1st period - Nick Bonino wins face-off versus Alan Quine in Knights zone.
1:49 of 1st period - Wrist shot by Drayson Bowman.
1:49 of 1st period - Shot Misses the Net.
2:55 of 1st period - Wrist shot by Cody Bass.
2:55 of 1st period - Stopped by Anders Lindback with a rebound.
3:10 of 1st period - Off-side.
3:11 of 1st period - Alan Quine wins face-off versus Anton Lander in neutral zone.
3:14 of 1st period - Snap shot by Jared Spurgeon.
3:14 of 1st period - Shot Misses the Net.
3:16 of 1st period - Wrist shot by Jacob Trouba.
3:16 of 1st period - Deflect By Matt Puempel.
3:16 of 1st period - Stopped by Anders Lindback with a rebound.
3:20 of 1st period - Slapshot by Tom Wilson.
3:20 of 1st period - Stopped by Anders Lindback with a rebound.
3:22 of 1st period - Snap shot by Matt Puempel.
3:22 of 1st period - Stopped by Anders Lindback without a rebound.
3:23 of 1st period - Noel Acciari wins face-off versus Nick Bonino in Mulligans zone.
3:36 of 1st period - Snap shot by Nick Bonino.
3:36 of 1st period - Stopped by Magnus Hellberg with a rebound.
3:38 of 1st period - Snap shot by Eric Tangradi.
3:38 of 1st period - Stopped by Magnus Hellberg with a rebound.
3:44 of 1st period - Minor Penalty to Scott Wilson for Holding.
3:45 of 1st period - Nick Bonino wins face-off versus Kevin Hayes in Knights zone.
3:56 of 1st period - Slapshot by Jonathan Tremblay.
3:56 of 1st period - Stopped by Magnus Hellberg with a rebound.
4:18 of 1st period - Off-side.
4:19 of 1st period - Nick Bonino wins face-off versus Kevin Hayes in neutral zone.
4:47 of 1st period - Off-side.
4:48 of 1st period - Kevin Hayes wins face-off versus Nick Bonino in neutral zone.
4:58 of 1st period - Wrist shot by Nick Bonino.
4:58 of 1st period - Stopped by Magnus Hellberg with a rebound.
5:02 of 1st period - Wrist shot by Nick Bonino.
5:02 of 1st period - Stopped by Magnus Hellberg with a rebound.
5:04 of 1st period - Slapshot by Eric Tangradi.
5:04 of 1st period - Goal by Eric Tangradi - Mulligans : 3 - Knights : 0.
5:05 of 1st period - Nick Bonino wins face-off versus Jimmy Hayes in neutral zone.
5:38 of 1st period - Slapshot by Brendan Gaunce.
5:38 of 1st period - Stopped by Anders Lindback with a rebound.
5:40 of 1st period - Snap shot by Zach Trotman.
5:40 of 1st period - Shot Misses the Net.
6:40 of 1st period - Wrist shot by Nick Bonino.
6:40 of 1st period - Stopped by Magnus Hellberg without a rebound.
6:41 of 1st period - Anton Lander wins face-off versus Brendan Gaunce in Knights zone.
6:52 of 1st period - Snap shot by Benn Ferriero.
6:52 of 1st period - Stopped by Magnus Hellberg with a rebound.
6:54 of 1st period - Slapshot by Ben Hutton.
6:54 of 1st period - Shot Misses the Net.
6:56 of 1st period - Wrist shot by Anton Lander.
6:56 of 1st period - Shot Blocked by Brendan Gaunce.
7:15 of 1st period - Eric Tangradi is hit by Jimmy Hayes and loses puck.
8:33 of 1st period - Snap shot by Michael Raffl.
8:33 of 1st period - Shot Misses the Net.
8:35 of 1st period - Slapshot by Michael Matheson.
8:35 of 1st period - Stopped by Anders Lindback with a rebound.
8:37 of 1st period - Snap shot by Michael Matheson.
8:37 of 1st period - Deflect By Brendan Gaunce.
8:37 of 1st period - Shot Misses the Net.
8:37 of 1st period - Puck is out of play.
8:38 of 1st period - Noel Acciari wins face-off versus Maxime Macenauer in Mulligans zone.
9:04 of 1st period - Eric Tangradi is hit by Linden Vey and loses puck.
9:09 of 1st period - Wrist shot by Linden Vey.
9:09 of 1st period - Shot Blocked by Nick Bonino.
9:11 of 1st period - Slapshot by Zach Trotman.
9:11 of 1st period - Shot Blocked by Thomas Hickey.
9:13 of 1st period - Snap shot by Linden Vey.
9:13 of 1st period - Shot Misses the Net.
9:15 of 1st period - Slapshot by Zach Trotman.
9:15 of 1st period - Stopped by Anders Lindback with a rebound.
9:49 of 1st period - Wrist shot by Maxime Macenauer.
9:49 of 1st period - Shot Misses the Net.
9:51 of 1st period - Snap shot by Maxime Macenauer.
9:51 of 1st period - Stopped by Magnus Hellberg without a rebound.
9:52 of 1st period - Noel Acciari wins face-off versus Maxime Macenauer in Knights zone.
9:57 of 1st period - Cade Fairchild is hit by Jacob Trouba.
10:29 of 1st period - Collin Miller is hit by Nick Bonino.
10:53 of 1st period - Off-side.
10:54 of 1st period - Noel Acciari wins face-off versus Drayson Bowman in neutral zone.
11:46 of 1st period - Snap shot by Linden Vey.
11:46 of 1st period - Stopped by Anders Lindback with a rebound.
12:27 of 1st period - Snap shot by Noel Acciari.
12:27 of 1st period - Stopped by Anders Lindback with a rebound.
13:00 of 1st period - Jared Spurgeon is hit by Sven Baertschi and loses puck.
13:28 of 1st period - Wrist shot by Tom Wilson.
13:28 of 1st period - Deflect By Alan Quine.
13:28 of 1st period - Stopped by Anders Lindback without a rebound.
13:29 of 1st period - Nick Bonino wins face-off versus Cody Bass in Mulligans zone.
13:38 of 1st period - Snap shot by Nick Bonino.
13:38 of 1st period - Stopped by Magnus Hellberg without a rebound.
13:39 of 1st period - Nick Bonino wins face-off versus Jimmy Hayes in Knights zone.
13:44 of 1st period - Slapshot by Nick Bonino.
13:44 of 1st period - Stopped by Magnus Hellberg with a rebound.
13:46 of 1st period - Snap shot by Nick Bonino.
13:46 of 1st period - Shot Blocked by Jaccob Slavin.
14:40 of 1st period - Snap shot by Jonathan Tremblay.
14:40 of 1st period - Shot Blocked by Jaccob Slavin.
14:48 of 1st period - Wrist shot by Jonathan Tremblay.
14:48 of 1st period - Shot Blocked by Zach Trotman.
14:50 of 1st period - Slapshot by Matt Niskanen.
14:50 of 1st period - Stopped by Magnus Hellberg without a rebound.
14:51 of 1st period - Benn Ferriero wins face-off versus Noel Acciari in Knights zone.
14:58 of 1st period - Wrist shot by Drayson Bowman.
14:58 of 1st period - Stopped by Magnus Hellberg without a rebound.
14:59 of 1st period - Benn Ferriero wins face-off versus Noel Acciari in Knights zone.
15:26 of 1st period - Wrist shot by Jordan Martinook.
15:26 of 1st period - Stopped by Anders Lindback with a rebound.
17:29 of 1st period - Snap shot by Noel Acciari.
17:29 of 1st period - Stopped by Anders Lindback without a rebound.
17:30 of 1st period - Nick Bonino wins face-off versus Cody Bass in Mulligans zone.
17:30 of 1st period - Nick Bonino is hit by Jimmy Hayes.
18:26 of 1st period - Snap shot by Jaccob Slavin.
18:26 of 1st period - Stopped by Anders Lindback without a rebound.
18:27 of 1st period - Brendan Gaunce wins face-off versus Nick Bonino in Mulligans zone.
18:28 of 1st period - Wrist shot by Linden Vey.
18:28 of 1st period - Shot Blocked by Matt Niskanen.
19:13 of 1st period - Sven Baertschi is hit by Matt Puempel and loses puck.
19:38 of 1st period - Snap shot by Reid Boucher.
19:38 of 1st period - Shot Misses the Net.
19:52 of 1st period - Ben Hutton is hit by Jacob Trouba and loses puck.
Goals for this period are 3 for Mulligans vs 0 for Knights.
Shots for this period are 18 for Mulligans vs 13 for Knights.
2nd period
0:01 of 2nd period - Noel Acciari wins face-off versus Nick Bonino in neutral zone.
0:04 of 2nd period - Matt Niskanen is hit by Kevin Hayes and loses puck.
0:40 of 2nd period - Minor Penalty to Jacob Trouba for Roughing.
0:41 of 2nd period - Nick Bonino wins face-off versus Kevin Hayes in Knights zone.
1:06 of 2nd period - Jared Spurgeon is hit by Matt Niskanen and loses puck.
1:31 of 2nd period - Backhand shot by Jimmy Hayes.
1:31 of 2nd period - Shot Misses the Net.
2:37 of 2nd period - Maxime Macenauer is hit by Matt Puempel.
2:40 of 2nd period - Penalty to Jacob Trouba is over, Jacob Trouba is back on ice.
2:47 of 2nd period - Wrist shot by Linden Vey.
2:47 of 2nd period - Shot Misses the Net.
3:07 of 2nd period - Icing by Zach Trotman.
3:08 of 2nd period - Maxime Macenauer wins face-off versus Brendan Gaunce in Knights zone.
3:13 of 2nd period - Snap shot by Logan Shaw.
3:13 of 2nd period - Stopped by Magnus Hellberg without a rebound.
3:14 of 2nd period - Noel Acciari wins face-off versus Maxime Macenauer in Knights zone.
3:27 of 2nd period - Snap shot by Logan Shaw.
3:27 of 2nd period - Goal by Logan Shaw - Mulligans : 4 - Knights : 0.
3:28 of 2nd period - Noel Acciari wins face-off versus Nick Bonino in neutral zone.
4:18 of 2nd period - Snap shot by Alan Quine.
4:18 of 2nd period - Shot Misses the Net.
4:42 of 2nd period - Wrist shot by Matt Niskanen.
4:42 of 2nd period - Shot Misses the Net.
4:44 of 2nd period - Slapshot by Anton Lander.
4:44 of 2nd period - Stopped by Magnus Hellberg with a rebound.
4:46 of 2nd period - Snap shot by Drayson Bowman.
4:46 of 2nd period - Shot Hit the Post.
5:03 of 2nd period - Icing by Jared Spurgeon.
5:04 of 2nd period - Nick Bonino wins face-off versus Alan Quine in Knights zone.
5:13 of 2nd period - Slapshot by Eric Tangradi.
5:13 of 2nd period - Stopped by Magnus Hellberg without a rebound.
5:13 of 2nd period - Tom Wilson and Jonathan Tremblay fight to a draw.
5:13 of 2nd period - Penalty to Tom Wilson for Fighting.
5:13 of 2nd period - Penalty to Jonathan Tremblay for Fighting.
5:14 of 2nd period - Noel Acciari wins face-off versus Nick Bonino in Knights zone.
5:44 of 2nd period - Slapshot by Cody Bass.
5:44 of 2nd period - Shot Misses the Net.
6:25 of 2nd period - Off-side.
6:26 of 2nd period - Alan Quine wins face-off versus Christoph Bertschy in neutral zone.
6:32 of 2nd period - Icing by Matt Niskanen.
6:33 of 2nd period - Christoph Bertschy wins face-off versus Cody Bass in Mulligans zone.
6:41 of 2nd period - Off-side.
6:42 of 2nd period - Nick Bonino wins face-off versus Cody Bass in neutral zone.
6:59 of 2nd period - Wrist shot by Jimmy Hayes.
6:59 of 2nd period - Shot Misses the Net.
7:01 of 2nd period - Snap shot by Michael Raffl.
7:01 of 2nd period - Stopped by Anders Lindback without a rebound.
7:02 of 2nd period - Anton Lander wins face-off versus Noel Acciari in Mulligans zone.
7:08 of 2nd period - Icing by Noel Acciari.
7:09 of 2nd period - Anton Lander wins face-off versus Noel Acciari in Knights zone.
7:13 of 2nd period - Off-side.
7:14 of 2nd period - Noel Acciari wins face-off versus Nick Bonino in neutral zone.
7:57 of 2nd period - Snap shot by Kevin Hayes.
7:57 of 2nd period - Shot Blocked by Sven Baertschi.
7:59 of 2nd period - Slapshot by Noel Acciari.
7:59 of 2nd period - Shot Misses the Net.
8:01 of 2nd period - Snap shot by Noel Acciari.
8:01 of 2nd period - Stopped by Anders Lindback with a rebound.
8:03 of 2nd period - Slapshot by Jared Spurgeon.
8:03 of 2nd period - Deflect By Noel Acciari.
8:03 of 2nd period - Goal by Noel Acciari - Mulligans : 4 - Knights : 1.
8:04 of 2nd period - Joonas Donskoi wins face-off versus Cody Bass in neutral zone.
8:29 of 2nd period - Brendan Gaunce is hit by Maxime Macenauer and loses puck.
8:56 of 2nd period - Wrist shot by Jimmy Hayes.
8:56 of 2nd period - Stopped by Anders Lindback with a rebound.
9:02 of 2nd period - Drayson Bowman is hit by Jimmy Hayes and loses puck.
9:47 of 2nd period - Wrist shot by Drayson Bowman.
9:47 of 2nd period - Stopped by Magnus Hellberg without a rebound.
9:48 of 2nd period - Nick Bonino wins face-off versus Noel Acciari in Knights zone.
10:18 of 2nd period - Jacob Trouba is hit by Logan Shaw and loses puck.
11:33 of 2nd period - Slapshot by Thomas Hickey.
11:33 of 2nd period - Stopped by Magnus Hellberg without a rebound.
11:34 of 2nd period - Cody Bass wins face-off versus Sven Baertschi in Knights zone.
11:58 of 2nd period - Jonathan Tremblay is hit by Kevin Hayes and loses puck.
12:05 of 2nd period - Snap shot by Noel Acciari.
12:05 of 2nd period - Deflect By Thomas Hickey.
12:05 of 2nd period - Shot Blocked by Thomas Hickey.
12:05 of 2nd period - Puck is out of play.
12:06 of 2nd period - Nick Bonino wins face-off versus Brendan Gaunce in Mulligans zone.
12:28 of 2nd period - Icing by Collin Miller.
12:29 of 2nd period - Brendan Gaunce wins face-off versus Anton Lander in Knights zone.
12:34 of 2nd period - Wrist shot by Drayson Bowman.
12:34 of 2nd period - Shot Misses the Net.
12:43 of 2nd period - Off-side.
12:44 of 2nd period - Nick Bonino wins face-off versus Noel Acciari in neutral zone.
12:47 of 2nd period - Slapshot by Matt Donovan.
12:47 of 2nd period - Deflect By Eric Tangradi.
12:47 of 2nd period - Shot Blocked by Jacob Trouba.
12:47 of 2nd period - Puck is out of play.
12:48 of 2nd period - Nick Bonino wins face-off versus Noel Acciari in Knights zone.
13:14 of 2nd period - Anton Lander is hit by Jimmy Hayes and loses puck.
13:19 of 2nd period - Snap shot by Cody Bass.
13:19 of 2nd period - Stopped by Anders Lindback without a rebound.
13:20 of 2nd period - Anton Lander wins face-off versus Cody Bass in Mulligans zone.
13:31 of 2nd period - Snap shot by Anton Lander.
13:31 of 2nd period - Stopped by Magnus Hellberg with a rebound.
13:33 of 2nd period - Snap shot by Matt Niskanen.
13:33 of 2nd period - Stopped by Magnus Hellberg without a rebound.
13:34 of 2nd period - Brendan Gaunce wins face-off versus Nick Bonino in Knights zone.
13:59 of 2nd period - Jared Spurgeon is hit by Benn Ferriero and loses puck.
14:06 of 2nd period - Wrist shot by Jimmy Hayes.
14:06 of 2nd period - Shot Misses the Net.
14:32 of 2nd period - Wrist shot by Derek Dorsett.
14:32 of 2nd period - Shot Misses the Net.
14:36 of 2nd period - Snap shot by Derek Dorsett.
14:36 of 2nd period - Shot Misses the Net.
15:08 of 2nd period - Wrist shot by Eric Tangradi.
15:08 of 2nd period - Stopped by Magnus Hellberg with a rebound.
15:10 of 2nd period - Wrist shot by Jonathan Tremblay.
15:10 of 2nd period - Deflect By Eric Tangradi.
15:10 of 2nd period - Goal by Eric Tangradi - Mulligans : 5 - Knights : 1.
15:11 of 2nd period - Nick Bonino wins face-off versus Noel Acciari in neutral zone.
15:22 of 2nd period - Wrist shot by Eric Tangradi.
15:22 of 2nd period - Goal by Eric Tangradi - Mulligans : 6 - Knights : 1.
15:22 of 2nd period - Ben Scrivens enters game.
15:23 of 2nd period - Nick Bonino wins face-off versus Cody Bass in neutral zone.
15:34 of 2nd period - Slapshot by Eric Tangradi.
15:34 of 2nd period - Shot Hit the Post.
15:36 of 2nd period - Snap shot by Thomas Hickey.
15:36 of 2nd period - Stopped by Ben Scrivens without a rebound.
15:37 of 2nd period - Jonathan Tremblay wins face-off versus Brendan Gaunce in Knights zone.
15:45 of 2nd period - Icing by Jordan Martinook.
15:46 of 2nd period - Nick Bonino wins face-off versus Brendan Gaunce in Knights zone.
15:49 of 2nd period - Snap shot by Eric Tangradi.
15:49 of 2nd period - Shot Misses the Net.
16:11 of 2nd period - Snap shot by Eric Tangradi.
16:11 of 2nd period - Shot Blocked by Jacob Trouba.
16:13 of 2nd period - Wrist shot by Nick Bonino.
16:13 of 2nd period - Shot Misses the Net.
16:15 of 2nd period - Wrist shot by Nick Bonino.
16:15 of 2nd period - Shot Misses the Net.
16:17 of 2nd period - Snap shot by Matt Niskanen.
16:17 of 2nd period - Stopped by Ben Scrivens without a rebound.
16:18 of 2nd period - Cody Bass wins face-off versus Drayson Bowman in Knights zone.
16:22 of 2nd period - Off-side.
16:23 of 2nd period - Anton Lander wins face-off versus Cody Bass in neutral zone.
16:26 of 2nd period - Cody Bass is hit by Cade Fairchild and loses puck.
16:33 of 2nd period - Slapshot by Jaccob Slavin.
16:33 of 2nd period - Stopped by Anders Lindback without a rebound.
16:34 of 2nd period - Nick Bonino wins face-off versus Noel Acciari in Mulligans zone.
16:41 of 2nd period - Jared Spurgeon is hit by Nick Bonino.
16:45 of 2nd period - Wrist shot by Jonathan Tremblay.
16:45 of 2nd period - Shot Blocked by Jacob Trouba.
16:47 of 2nd period - Snap shot by Darren Dietz.
16:47 of 2nd period - Shot Misses the Net.
16:49 of 2nd period - Snap shot by Eric Tangradi.
16:49 of 2nd period - Stopped by Ben Scrivens without a rebound.
16:50 of 2nd period - Cody Bass wins face-off versus Anton Lander in Knights zone.
17:15 of 2nd period - Jared Spurgeon is hit by Jonathan Tremblay and loses puck.
17:36 of 2nd period - Slapshot by Jared Spurgeon.
17:36 of 2nd period - Shot Misses the Net.
17:38 of 2nd period - Snap shot by Jacob Trouba.
17:38 of 2nd period - Stopped by Anders Lindback without a rebound.
17:39 of 2nd period - Brendan Gaunce wins face-off versus Maxime Macenauer in Mulligans zone.
17:46 of 2nd period - Wrist shot by Linden Vey.
17:46 of 2nd period - Shot Misses the Net.
17:56 of 2nd period - Slapshot by Cody Goloubef.
17:56 of 2nd period - Shot Blocked by Linden Vey.
17:58 of 2nd period - Snap shot by Sven Baertschi.
17:58 of 2nd period - Stopped by Ben Scrivens with a rebound.
18:00 of 2nd period - Wrist shot by Maxime Macenauer.
18:00 of 2nd period - Stopped by Ben Scrivens without a rebound.
18:01 of 2nd period - Nick Bonino wins face-off versus Cody Bass in Knights zone.
18:14 of 2nd period - Slapshot by Eric Tangradi.
18:14 of 2nd period - Stopped by Ben Scrivens without a rebound.
18:15 of 2nd period - Anton Lander wins face-off versus Noel Acciari in Knights zone.
18:22 of 2nd period - Snap shot by Anton Lander.
18:22 of 2nd period - Goal by Anton Lander - Mulligans : 7 - Knights : 1.
18:23 of 2nd period - Nick Bonino wins face-off versus Cody Bass in neutral zone.
18:48 of 2nd period - Drayson Bowman is hit by Jared Spurgeon and loses puck.
18:56 of 2nd period - Minor Penalty to Kevin Hayes for Hooking.
18:57 of 2nd period - Noel Acciari wins face-off versus Nick Bonino in Knights zone.
19:33 of 2nd period - Slapshot by Matt Donovan.
19:33 of 2nd period - Deflect By Anton Lander.
19:33 of 2nd period - Goal by Anton Lander - Mulligans : 8 - Knights : 1.
19:34 of 2nd period - Nick Bonino wins face-off versus Brendan Gaunce in neutral zone.
19:56 of 2nd period - Icing by Linden Vey.
19:57 of 2nd period - Brendan Gaunce wins face-off versus Anton Lander in Knights zone.
Goals for this period are 5 for Mulligans vs 1 for Knights.
Shots for this period are 19 for Mulligans vs 7 for Knights.
3rd period
0:01 of 3rd period - Cody Bass wins face-off versus Nick Bonino in neutral zone.
2:08 of 3rd period - Wrist shot by Logan Shaw.
2:08 of 3rd period - Stopped by Ben Scrivens with a rebound.
2:10 of 3rd period - Slapshot by Cade Fairchild.
2:10 of 3rd period - Deflect By Sven Baertschi.
2:10 of 3rd period - Shot Misses the Net.
2:10 of 3rd period - Puck is out of play.
2:11 of 3rd period - Noel Acciari wins face-off versus Maxime Macenauer in Knights zone.
2:18 of 3rd period - Snap shot by Maxime Macenauer.
2:18 of 3rd period - Deflect By Collin Miller.
2:18 of 3rd period - Shot Misses the Net.
2:18 of 3rd period - Puck is out of play.
2:19 of 3rd period - Nick Bonino wins face-off versus Noel Acciari in Knights zone.
2:26 of 3rd period - Collin Miller is hit by Eric Tangradi and loses puck.
3:05 of 3rd period - Wrist shot by Derek Dorsett.
3:05 of 3rd period - Shot Misses the Net.
3:15 of 3rd period - Snap shot by Derek Dorsett.
3:15 of 3rd period - Shot Misses the Net.
3:31 of 3rd period - Slapshot by Kevin Hayes.
3:31 of 3rd period - Shot Misses the Net.
3:43 of 3rd period - Wrist shot by Kevin Hayes.
3:43 of 3rd period - Stopped by Anders Lindback with a rebound.
3:45 of 3rd period - Wrist shot by Scott Wilson.
3:45 of 3rd period - Shot Misses the Net.
3:47 of 3rd period - Slapshot by Noel Acciari.
3:47 of 3rd period - Shot Blocked by Nick Bonino.
3:49 of 3rd period - Snap shot by Collin Miller.
3:49 of 3rd period - Stopped by Anders Lindback with a rebound.
3:51 of 3rd period - Slapshot by Michael Matheson.
3:51 of 3rd period - Shot Blocked by Thomas Hickey.
3:53 of 3rd period - Snap shot by Kevin Hayes.
3:53 of 3rd period - Shot Hit the Post.
4:24 of 3rd period - Snap shot by Kevin Hayes.
4:24 of 3rd period - Deflect By Noel Acciari.
4:24 of 3rd period - Stopped by Anders Lindback with a rebound.
4:26 of 3rd period - Slapshot by Collin Miller.
4:26 of 3rd period - Shot Misses the Net.
4:28 of 3rd period - Snap shot by Noel Acciari.
4:28 of 3rd period - Stopped by Anders Lindback without a rebound.
4:29 of 3rd period - Anton Lander wins face-off versus Cody Bass in Mulligans zone.
4:53 of 3rd period - Minor Penalty to Sven Baertschi for Holding.
4:54 of 3rd period - Maxime Macenauer wins face-off versus Cody Bass in Mulligans zone.
5:04 of 3rd period - Michael Raffl is hit by Cody Goloubef and loses puck.
5:19 of 3rd period - Matt Donovan is hit by Michael Raffl.
5:29 of 3rd period - Thomas Hickey is hit by Jaccob Slavin and loses puck.
5:40 of 3rd period - Jimmy Hayes is hit by Matt Niskanen.
6:15 of 3rd period - Snap shot by Linden Vey.
6:15 of 3rd period - Stopped by Anders Lindback without a rebound.
6:16 of 3rd period - Anton Lander wins face-off versus Brendan Gaunce in Mulligans zone.
6:41 of 3rd period - Jaccob Slavin is hit by Anton Lander and loses puck.
6:53 of 3rd period - Penalty to Sven Baertschi is over, Sven Baertschi is back on ice.
7:02 of 3rd period - Slapshot by Tom Wilson.
7:02 of 3rd period - Shot Blocked by Eric Tangradi.
7:04 of 3rd period - Slapshot by Tom Wilson.
7:04 of 3rd period - Shot Blocked by Thomas Hickey.
7:22 of 3rd period - Wrist shot by Christoph Bertschy.
7:22 of 3rd period - Stopped by Ben Scrivens without a rebound.
7:23 of 3rd period - Maxime Macenauer wins face-off versus Alan Quine in Knights zone.
7:32 of 3rd period - Snap shot by Alan Quine.
7:32 of 3rd period - Stopped by Anders Lindback with a rebound.
7:34 of 3rd period - Slapshot by Jaccob Slavin.
7:34 of 3rd period - Shot Misses the Net.
7:36 of 3rd period - Snap shot by Zach Trotman.
7:36 of 3rd period - Deflect By Matt Donovan.
7:36 of 3rd period - Stopped by Anders Lindback with a rebound.
8:03 of 3rd period - Reid Boucher is hit by Jordan Martinook and loses puck.
9:00 of 3rd period - Zach Trotman is hit by Ben Hutton.
9:32 of 3rd period - Cade Fairchild is hit by Jimmy Hayes and loses puck.
10:28 of 3rd period - Jonathan Tremblay is hit by Matt Puempel.
10:58 of 3rd period - Slapshot by Cody Bass.
10:58 of 3rd period - Deflect By Jimmy Hayes.
10:58 of 3rd period - Stopped by Anders Lindback with a rebound.
11:00 of 3rd period - Snap shot by Michael Raffl.
11:00 of 3rd period - Stopped by Anders Lindback with a rebound.
11:06 of 3rd period - Minor Penalty to Logan Shaw for High sticking.
11:07 of 3rd period - Cody Bass wins face-off versus Maxime Macenauer in Mulligans zone.
13:06 of 3rd period - Penalty to Logan Shaw is over, Logan Shaw is back on ice.
13:45 of 3rd period - Slapshot by Thomas Hickey.
13:45 of 3rd period - Stopped by Ben Scrivens with a rebound.
13:47 of 3rd period - Snap shot by Logan Shaw.
13:47 of 3rd period - Stopped by Ben Scrivens without a rebound.
13:48 of 3rd period - Maxime Macenauer wins face-off versus Alan Quine in Knights zone.
13:51 of 3rd period - Wrist shot by Logan Shaw.
13:51 of 3rd period - Deflect By Maxime Macenauer.
13:51 of 3rd period - Stopped by Ben Scrivens without a rebound.
13:52 of 3rd period - Maxime Macenauer wins face-off versus Alan Quine in Knights zone.
13:53 of 3rd period - Slapshot by Logan Shaw.
13:53 of 3rd period - Deflect By Maxime Macenauer.
13:53 of 3rd period - Stopped by Ben Scrivens without a rebound.
13:54 of 3rd period - Jimmy Hayes wins face-off versus Nick Bonino in Knights zone.
13:54 of 3rd period - Jimmy Hayes is hit by Nick Bonino.
14:40 of 3rd period - Matt Donovan is hit by Jared Spurgeon.
14:41 of 3rd period - Icing by Matt Donovan.
14:42 of 3rd period - Noel Acciari wins face-off versus Maxime Macenauer in Mulligans zone.
14:43 of 3rd period - Wrist shot by Jaccob Slavin.
14:43 of 3rd period - Stopped by Anders Lindback without a rebound.
14:44 of 3rd period - Noel Acciari wins face-off versus Nick Bonino in Mulligans zone.
14:59 of 3rd period - Backhand shot by Jaccob Slavin.
14:59 of 3rd period - Deflect By Kevin Hayes.
14:59 of 3rd period - Shot Misses the Net.
14:59 of 3rd period - Puck is out of play.
15:00 of 3rd period - Cody Bass wins face-off versus Anton Lander in Mulligans zone.
15:07 of 3rd period - Snap shot by Michael Raffl.
15:07 of 3rd period - Shot Misses the Net.
15:09 of 3rd period - Slapshot by Jimmy Hayes.
15:09 of 3rd period - Goal by Jimmy Hayes - Mulligans : 8 - Knights : 2.
15:10 of 3rd period - Cody Bass wins face-off versus Nick Bonino in neutral zone.
15:17 of 3rd period - Slapshot by Cody Bass.
15:17 of 3rd period - Shot Hit the Post.
16:00 of 3rd period - Slapshot by Jared Spurgeon.
16:00 of 3rd period - Shot Misses the Net.
16:02 of 3rd period - Snap shot by Linden Vey.
16:02 of 3rd period - Deflect By Brendan Gaunce.
16:02 of 3rd period - Stopped by Anders Lindback without a rebound.
16:03 of 3rd period - Nick Bonino wins face-off versus Jordan Martinook in Mulligans zone.
16:14 of 3rd period - Snap shot by Linden Vey.
16:14 of 3rd period - Shot Misses the Net.
16:31 of 3rd period - Icing by Zach Trotman.
16:32 of 3rd period - Anton Lander wins face-off versus Noel Acciari in Knights zone.
16:35 of 3rd period - Slapshot by Anton Lander.
16:35 of 3rd period - Stopped by Ben Scrivens with a rebound.
16:37 of 3rd period - Snap shot by Anton Lander.
16:37 of 3rd period - Stopped by Ben Scrivens with a rebound.
16:39 of 3rd period - Slapshot by Benn Ferriero.
16:39 of 3rd period - Stopped by Ben Scrivens without a rebound.
16:40 of 3rd period - Nick Bonino wins face-off versus Cody Bass in Knights zone.
16:41 of 3rd period - Snap shot by Jonathan Tremblay.
16:41 of 3rd period - Stopped by Ben Scrivens without a rebound.
16:42 of 3rd period - Nick Bonino wins face-off versus Michael Raffl in Knights zone.
16:59 of 3rd period - Jimmy Hayes is hit by Matt Niskanen and loses puck.
17:10 of 3rd period - Wrist shot by Michael Raffl.
17:10 of 3rd period - Shot Misses the Net.
17:26 of 3rd period - Thomas Hickey is hit by Kevin Hayes.
17:33 of 3rd period - Icing by Linden Vey.
17:34 of 3rd period - Nick Bonino wins face-off versus Brendan Gaunce in Knights zone.
17:45 of 3rd period - Slapshot by Matt Donovan.
17:45 of 3rd period - Deflect By Nick Bonino.
17:45 of 3rd period - Goal by Nick Bonino - Mulligans : 9 - Knights : 2.
17:46 of 3rd period - Nick Bonino wins face-off versus Cody Bass in neutral zone.
17:57 of 3rd period - Slapshot by Jaccob Slavin.
17:57 of 3rd period - Stopped by Anders Lindback with a rebound.
18:07 of 3rd period - Minor Penalty to Jonathan Tremblay for Roughing.
18:08 of 3rd period - Maxime Macenauer wins face-off versus Cody Bass in Mulligans zone.
18:33 of 3rd period - Maxime Macenauer is hit by Jaccob Slavin and loses puck.
Goals for this period are 1 for Mulligans vs 1 for Knights.
Shots for this period are 11 for Mulligans vs 13 for Knights.
Back to the Top